 Dungeon Crawl Stone Soup version 0.28-a0-43-g560ac104fe (webtiles) character file.

Game seed: 13435414142333599255

99157 robertstho the Warrior (level 15, -5/214 HPs)
             Began as a Grey Draconian Berserker on July 28, 2021.
             Was a High Priest of Trog.
             Slain by a freezing wraith (15 damage)
             ... on level 15 of the Dungeon.
             The game lasted 00:40:38 (26810 turns).

robertstho the Warrior (Grey Draconian Berserker)  Turns: 26810, Time: 00:40:38

Health: -5/214     AC: 22    Str: 25    XL:     15   Next: 76%
Magic:  15/15      EV: 16    Int:  7    God:    Trog [*****.]
Gold:   1829       SH: 18    Dex: 14    Spells: 14/14 levels left

rFire   . . .      SeeInvis .   R - +3 demon blade (elec)
rCold   . . .      Faith    .   H - +0 tower shield
rNeg    + . .      Spirit   .   (armour unavailable)
rPois   .          Reflect  .   q - +1 hat
rElec   +          Harm     .   i - +0 cloak of the Big Bang {rElec rN+ Slay+2}
rCorr   .          Rampage  .   M - +0 pair of gloves
Will    +....                   V - +0 pair of boots
Stlth   ..........              n - amulet of the acrobat
HPRegen 0.45/turn               S - ring "Qihashuz" {Wiz Dex+2 Slay+4}
MPRegen 0.14/turn               I - +4 ring of protection

@: berserking (expiring), marked, very quick
A: AC +14, amphibious, unfitting armour, cold-blooded
a: Renounce Religion, Berserk, Trog's Hand, Brothers in Arms


You were on level 15 of the Dungeon.
You worshipped Trog.
Trog was extremely pleased with you.
You visited 3 branches of the dungeon, and saw 23 of its levels.

You collected 3038 gold pieces.
You spent 1209 gold pieces at shops.

Inventory:

Hand Weapons
 p - the +2 falchion "Hydraslayer" {vorpal, rC+ Will++ Str-5 Dex+4}
   (You found it on level 4 of the Dungeon)

   It inflicts extra damage upon your enemies.
   Str:       It affects your strength (-5).
   Dex:       It affects your dexterity (+4).
   rC:        It protects you from cold.
   Will:      It greatly increases your willpower.
 t - a +2 long sword of flaming
 Q - a +4 double sword of holy wrath
 R - a +3 demon blade of electrocution (weapon)
Armour
 i - the +0 cloak of the Big Bang (worn) {rElec rN+ Slay+2}
   (You acquired it on level 8 of the Dungeon)

   Slay:      It affects your accuracy & damage with ranged weapons and melee
   (+2).
   rElec:     It insulates you from electricity.
   rN:        It protects you from negative energy.
 q - a +1 hat (worn)
 H - a +0 tower shield (worn)
 M - a +0 pair of gloves (worn)
 V - a +0 pair of boots (worn)
Jewellery
 b - a ring of fire
 j - a +6 ring of strength
 n - an amulet of the acrobat (around neck)
 x - a ring of resist corrosion
 C - a ring of positive energy
 G - a ring of fire
 I - a +4 ring of protection (right hand)
 S - the ring "Qihashuz" (left hand) {Wiz Dex+2 Slay+4}
   (You found it on level 6 of the Lair of Beasts)

   [ring of wizardry]

   It improves your spell success rate.
   Dex:       It affects your dexterity (+2).
   Slay:      It affects your accuracy & damage with ranged weapons and melee
   (+4).
 U - a ring of positive energy
 Y - a ring of poison resistance
Wands
 h - a wand of digging (15)
 y - a wand of acid (19)
 B - a wand of iceblast (20)
Scrolls
 c - 5 scrolls of teleportation
 k - 2 scrolls of fear
 m - 3 scrolls of fog
 o - a scroll of magic mapping
 v - a scroll of holy word
 z - a scroll of immolation
 A - 4 scrolls of blinking
 J - 2 scrolls of silence
 K - 2 scrolls of summoning
 T - 2 scrolls of enchant weapon
Potions
 g - 3 potions of invisibility {unknown}
 l - 10 potions of heal wounds
 r - 6 potions of curing
 s - 4 potions of lignification
 u - 4 potions of attraction
 w - 2 potions of haste
 E - 5 potions of flight {unknown}
 F - 4 potions of resistance
 L - 4 potions of might
 N - 4 potions of mutation
 O - a potion of magic
 P - 3 potions of cancellation
Miscellaneous
 D - a box of beasts


   Skills:
 * Level 15.8 Fighting
 + Level 1.0(10.3) Short Blades
 + Level 15.2 Long Blades
 * Level 14.4 Dodging
 + Level 5.9 Stealth
 + Level 9.2 Shields


You had 14 spell levels left.
You didn't know any spells.
Your spell library was empty.

Dungeon Overview and Level Annotations

Branches:
Dungeon (15/15)            Temple (0/1) D:6            Lair (6/6) D:11
 Shoals (0/4) Lair:4       Spider (0/4) Lair:3        Slime (0/5) Lair:5
    Orc (2/2) D:11            Elf (0/3) Orc:2
 Vaults: D:13-14     Depths: D:15

Altars:
Cheibriados
Dithmenos
Gozag
Nemelex Xobeh
Sif Muna
Vehumet
Yredelemnul
The Shining One
Beogh

Shops:
D:5 :   D:7 (   Orc:2 (*(:!

Annotations:
D:8 Need digging for vault
D:14 Frances


Innate Abilities, Weirdness & Mutations

Your dull iron-grey scales are very hard. (AC +14)
You are amphibious.
You cannot fit into any form of body armour.
You are cold-blooded and may be slowed by cold attacks.


Message History

The deep troll claws you! You block the meliai's attack. The meliai misses you.
You hit the meliai.
The meliai is lightly wounded.
The deep troll's soul is no longer bound.
The meliai invokes the aid of its god against you.
Something smites you!
* * * LOW HITPOINT WARNING * * *
An efreet comes into view.
It is wielding a +0 scimitar of flaming.
The freezing wraith completely misses you.
The freezing wraith hits you but does no damage.
The deep troll bites you!
* * * LOW HITPOINT WARNING * * *
You block the deep troll's attack. x2
You closely miss the meliai.
The meliai is lightly wounded.
You block the meliai's attack. x2
The meliai calls upon its god to heal the meliai.
The meliai's wounds heal themselves!
The meliai mumbles some strange prayers to its god against you.
Something smites you!
* * * LOW HITPOINT WARNING * * *
The freezing wraith hits you but does no damage.
You block the freezing wraith's attack.
The deep elf zephyrmancer mumbles some strange words.
The deep elf zephyrmancer blinks!
Your shield prevents you from hitting the meliai.
You feel yourself speed up. The meliai barely misses you.
You block the meliai's attack. You block the deep troll's attack.
The deep troll closely misses you. The deep troll claws you.
* * * LOW HITPOINT WARNING * * *
The meliai calls down the wrath of its god upon you.
Something smites you!
* * * LOW HITPOINT WARNING * * *
You block the meliai's attack. The meliai barely misses you.
An orc comes into view. It is wielding a +0 dagger.
The freezing wraith hits you.
* * * LOW HITPOINT WARNING * * *
The freezing wraith freezes you!
You die...

............###.......#.
.○○.............#......)
###☼....#.......#.##....
#...R...####....#.#.....
#.......####....#.#.....
####.......#.........#.....
......#..Z.#.........#.#+#.
......(..T...........#. #.
........yW@..........#. #.
...e...§yy#...#.#.. .
#.......Cp#...# #
#......§###...#
#...............
##...............
#.........##.....
#.o.......# .....
...........#


You could see a stone giant (soul bound), a deep troll, a freezing wraith, a
necromancer, a deep elf zephyrmancer, an efreet, 3 meliai, a tengu warrior
simulacrum and an orc.

Vanquished Creatures
  Jorgrun (Orc:2)
  Kirke (D:14)
  2 orc warlords
  A dire elephant (Lair:2)
  The ghost of ezpacito the Envoy of Void, a journeyman DsAK of Lugonu (D:11)
  A fire dragon (Lair:6)
  Harold (D:9)
  9 hydras
  2 centaur warriors
  3 boulder beetles
  An ogre mage (D:15)
  5 two-headed ogres
  A tengu warrior (D:15)
  The ghost of Sin92 the Cleaver, a novice DsFi of Okawaru (D:10)
  Urug (D:11)
  3 death yaks
  7 skeletal warriors (D:14)
  A swamp dragon (Lair:6)
  A deep elf pyromancer (D:15)
  2 oklob plants (Lair:5)
  5 cyclopes
  12 orc sorcerers
  A wolf spider (Lair:6)
  11 ugly things
  A manticore (D:12)
  5 slime creatures (D:12)
  A guardian serpent (Lair:6)
  21 elephants
  Maurice (D:8)
  12 black mambas
  20 cane toads
  3 torpor snails
  10 komodo dragons
  An unseen horror (D:12)
  A rime drake (Lair:6)
  A freezing wraith (D:14)
  6 trolls
  3 meliai (D:14)
  16 blink frogs
  Grinder (D:6)
  2 hornets (Lair:6)
  Prince Ribbit (D:8)
  Sigmund (D:2)
  A spriggan (Lair:2)
  3 shadows
  10 wyverns
  A centaur simulacrum (D:15)
  A vampire (D:11)
  2 redbacks (Lair:6)
  20 yaks
  5 wraiths (D:11)
  Grum (Lair:1)
  4 vampire mosquitoes (D:15)
  3 steam dragons
  A neqoxec (D:10)
  A basilisk (Lair:4)
  Menkaure (D:5)
  3 acid dragons
  3 wargs
  27 water moccasins
  2 swamp drakes (Lair:6)
  17 orc warriors
  2 black bears
  4 ice beasts
  2 sky beasts
  2 necrophages
  A centaur (D:10)
  11 boggarts
  8 ogres
  15 wolves
  2 kobold brigands
  17 bullfrogs
  3 gnoll sergeants
  7 scorpions
  A water moccasin skeleton (D:5)
  11 killer bees (D:9)
  8 wights
  5 electric eels
  7 howler monkeys
  A spectral centaur (D:10)
  5 centaur zombies
  A lava snake (D:14)
  2 bullfrog zombies (D:6)
  3 centaur skeletons
  13 orc priests
  A bullfrog skeleton (D:7)
  3 hounds
  3 jellies
  Jessica (D:3)
  10 hell rats
  6 iguanas
  33 orc wizards
  A killer bee zombie (D:8)
  3 hound skeletons
  2 howler monkey zombies
  15 gnolls
  6 adders
  2 howler monkey skeletons
  2 shadow imps
  An adder skeleton (D:4)
  4 worms
  2 dart slugs
  86 orcs
  10 ball pythons
  2 bats
  8 endoplasms
  8 giant cockroaches
  11 goblins
  7 hobgoblins
  14 jackals
  6 kobolds
  2 quokkas (D:1)
  4 frilled lizards (D:1)
  7 rats
678 creatures vanquished.

Vanquished Creatures (collateral kills)
  Sonja (Lair:6)
  3 skeletal warriors (D:14)
  3 elephants
  A komodo dragon (Lair:6)
  3 blink frogs (Lair:6)
  A wyvern (Lair:6)
  A neqoxec (D:10)
  An acid dragon (Lair:6)
  3 water moccasins (Lair:6)
  A swamp drake (Lair:6)
  A hound (shapeshifter) (D:10)
  An iguana (Lair:6)
  An iguana (shapeshifter) (D:10)
  A river rat (shapeshifter) (D:10)
  A ball python (shapeshifter) (D:10)
23 creatures vanquished.

Vanquished Creatures (others)
  4 humans (D:14)
  A steam dragon (Lair:6)
  A boggart (D:14)
  An orc (Orc:2)
  111 fungi
  136 plants
254 creatures vanquished.

Grand Total: 955 creatures vanquished

Notes
Turn   | Place    | Note
-------+----------+-------------------------------------------
     0 | D:1      | robertstho the Draconian Berserker began the quest for the
                  | Orb.
     0 | D:1      | Reached XP level 1. HP: 19/19 MP: 1/1
   147 | D:1      | Reached XP level 2. HP: 26/26 MP: 2/2
   587 | D:1      | Reached XP level 3. HP: 33/33 MP: 3/3
   675 | D:1      | Reached ** piety under Trog
   875 | D:1      | Found a faded altar of an unknown god.
  1284 | D:2      | Noticed Sigmund
  1292 | D:2      | Killed Sigmund
  1293 | D:2      | Reached skill level 1 in Stealth
  1293 | D:2      | Reached XP level 4. HP: 41/41 MP: 4/4
  1293 | D:2      | Reached XP level 5. HP: 47/47 MP: 5/5
  1648 | D:2      | Reached XP level 6. HP: 37/53 MP: 6/6
  2259 | D:3      | Noticed Jessica
  2265 | D:3      | Killed Jessica
  2411 | D:3      | Found a glowing golden altar of the Shining One.
  3142 | D:4      | Reached *** piety under Trog
  3281 | D:4      | Reached skill level 5 in Fighting
  3281 | D:4      | Reached skill level 5 in Long Blades
  3533 | D:4      | Identified the +2 falchion "Hydraslayer" {vorpal, rC+
                  | Will++ Str-5 Dex+4}
  3642 | D:4      | Your scales start taking on a dull iron-grey colour.
  3642 | D:4      | Reached XP level 7. HP: 52/61 MP: 7/7
  3883 | D:4      | Reached skill level 5 in Dodging
  3991 | D:5      | Entered Level 5 of the Dungeon
  4314 | D:5      | Found Vuiji's Book Emporium.
  4539 | D:5      | Identified the +8 spear "Xichidwo" {drain, rN+ Stlth+}
  4556 | D:5      | Reached XP level 8. HP: 70/70 MP: 8/8
  4609 | D:5      | Noticed Menkaure
  4614 | D:5      | Killed Menkaure
  4620 | D:5      | Found an opulent altar of Gozag.
  4879 | D:6      | Reached **** piety under Trog
  4949 | D:6      | Found a shimmering blue altar of Sif Muna.
  5138 | D:6      | Reached XP level 9. HP: 52/78 MP: 9/9
  5432 | D:6      | Found a basalt altar of Yredelemnul.
  5742 | D:6      | Found a staircase to the Ecumenical Temple.
  5742 | D:6      | Noticed Grinder
  5750 | D:6      | Killed Grinder
  6494 | D:7      | Noticed a cyan ugly thing
  6509 | D:7      | Killed a cyan ugly thing
  6715 | D:7      | Found Odukk's Antique Weapon Boutique.
  6976 | D:8      | Found a shadowy altar of Dithmenos.
  6976 | D:8      | Found a sparkling altar of Nemelex Xobeh.
  7110 | D:8      | Noticed Prince Ribbit
  7115 | D:8      | Killed Prince Ribbit
  7116 | D:8      | Reached XP level 10. HP: 89/89 MP: 10/10
  7463 | D:8      | Noticed Maurice
  7485 | D:8      | Killed Maurice
  7891 | D:8      | Reached skill level 10 in Long Blades
  8073 | D:9      | Noticed a two-headed ogre
  8079 | D:9      | Killed a two-headed ogre
  8351 | D:9      | Noticed a white ugly thing
  8358 | D:9      | Killed a white ugly thing
  8364 | D:9      | Reached ***** piety under Trog
  8575 | D:9      | Noticed a cyclops
  8589 | D:9      | Killed a cyclops
  8656 | D:9      | Identified 3 scrolls of acquirement
  8859 | D:8      | Acquired 696 gold pieces
  8861 | D:8      | Acquired a +4 ring of protection
  8864 | D:8      | Acquired the +0 cloak of the Big Bang {rElec rN+ Slay+2}
  8910 | D:9      | Noticed Harold
  8924 | D:9      | Killed Harold
  8925 | D:9      | Reached skill level 10 in Fighting
  8925 | D:9      | Reached XP level 11. HP: 99/99 MP: 11/11
  9458 | D:10     | Entered Level 10 of the Dungeon
  9945 | D:10     | Found a radiant altar of Vehumet.
 10206 | D:10     | Found a runed translucent gate.
 10206 | D:10     | Found a runed translucent gate.
 10206 | D:10     | Found a runed translucent gate.
 10206 | D:10     | Noticed a red ugly thing
 10206 | D:10     | Noticed a cyan ugly thing
 10207 | D:10     | Noticed a red ugly thing
 10207 | D:10     | Noticed a green ugly thing
 10312 | D:11     | Found a snail-covered altar of Cheibriados.
 10361 | D:10     | Killed a green ugly thing
 10367 | D:10     | Killed a cyan ugly thing
 10368 | D:10     | Reached skill level 10 in Dodging
 10375 | D:10     | Killed a green ugly thing
 10380 | D:10     | Killed a cyan ugly thing
 10384 | D:10     | Found a runed translucent gate.
 10384 | D:10     | Found a runed translucent gate.
 10388 | D:10     | Noticed Sin92's ghost (novice DsFi)
 10389 | D:10     | Found a runed translucent gate.
 10627 | D:10     | Killed Sin92's ghost
 10633 | D:10     | Identified the +2 robe of the Equator {Harm rPois rF+
                  | Stlth-}
 10690 | D:11     | Found a staircase to the Lair.
 11250 | D:11     | Found a staircase to the Orcish Mines.
 11384 | D:11     | Reached skill level 1 in Shields
 11488 | D:7      | Bought a glowing double sword for 630 gold pieces
 11578 | Lair:1   | Entered Level 1 of the Lair of Beasts
 11722 | Lair:1   | Found a glowing golden altar of the Shining One.
 11737 | Lair:1   | Noticed a four-headed hydra
 11750 | Lair:1   | Killed a five-headed hydra
 11751 | Lair:1   | Reached XP level 12. HP: 110/110 MP: 12/12
 11946 | Lair:1   | Noticed Grum
 11957 | Lair:1   | Killed Grum
 12324 | Lair:2   | Reached skill level 1 in Short Blades
 12445 | Lair:2   | Noticed a four-headed hydra
 12465 | Lair:2   | Killed a seven-headed hydra
 12819 | Lair:2   | Noticed a dire elephant
 12830 | Lair:2   | Killed a dire elephant
 12849 | Lair:2   | Paralysed by a spriggan for 2 turns
 13296 | Lair:2   | Received a gift from Trog
 13865 | Lair:3   | Noticed a seven-headed hydra
 13874 | Lair:3   | Killed a five-headed hydra
 14072 | Lair:3   | Reached XP level 13. HP: 119/119 MP: 13/13
 14078 | Lair:3   | Found a hole to the Spider Nest.
 15602 | Lair:4   | Found a staircase to the Shoals.
 16211 | Lair:4   | Reached skill level 5 in Stealth
 16753 | Lair:5   | Acquired a +1 demon blade of electrocution
 17481 | Lair:5   | Found a staircase to the Slime Pits.
 18208 | Lair:6   | Entered Level 6 of the Lair of Beasts
 18279 | Lair:6   | Reached skill level 5 in Shields
 18298 | Lair:6   | Received a gift from Trog
 18308 | Lair:6   | Reached XP level 14. HP: 40/130 MP: 14/14
 19175 | Lair:6   | Noticed Sonja
 19183 | Lair:6   | Killed Sonja
 20647 | Lair:6   | Identified the ring "Qihashuz" {Wiz Dex+2 Slay+4}
 20879 | Orc:1    | Entered Level 1 of the Orcish Mines
 20906 | Orc:1    | Noticed an orc warlord
 20924 | Orc:1    | Killed an orc warlord
 21048 | D:11     | Noticed Urug
 21057 | D:11     | Killed Urug
 21107 | D:11     | You fall into a shaft and drop 3 floors!
 21937 | D:14     | Noticed Kirke
 21945 | D:14     | Noticed Frances
 21948 | D:14     | Killed Kirke
 22101 | D:14     | Reached XP level 15. HP: 106/139 MP: 15/15
 22205 | D:14     | Received a gift from Trog
 22584 | D:14     | Reached skill level 15 in Fighting
 23834 | D:11     | Found a runed translucent gate.
 23834 | D:11     | Found a runed translucent gate.
 23919 | D:11     | Found a runed translucent gate.
 24122 | D:11     | Noticed ezpacito's ghost (journeyman DsAK)
 24173 | D:11     | Identified the +9 trident "Veluge" {freeze, rF- Int+5}
 24336 | D:11     | Killed ezpacito's ghost
 24561 | D:8      | Identified the +6 quarterstaff of Gizxytoifo {vorpal, rPois
                  | MP+9}
 24780 | Orc:1    | You fall into a shaft and drop 1 floor!
 24780 | Orc:2    | Entered Level 2 of the Orcish Mines
 25045 | Orc:2    | Found Pusuphi's General Store.
 25070 | Orc:2    | Found Kayqisuadu's Weapon Shop.
 25075 | Orc:2    | Noticed Jorgrun
 25082 | Orc:2    | Reached skill level 15 in Long Blades
 25086 | Orc:2    | Paralysed by an orc sorcerer for 3 turns
 25322 | Orc:2    | Found Xoreot's Antique Weapon Emporium.
 25487 | Orc:2    | Killed Jorgrun
 25607 | Orc:2    | Received a gift from Trog
 25656 | Orc:2    | Noticed an orc warlord
 25670 | Orc:2    | Killed an orc warlord
 25841 | Orc:2    | Found Wehe's Distillery.
 25841 | Orc:2    | Found Ymosaebbul's Book Emporium.
 25846 | Orc:2    | Bought a potion of curing for 36 gold pieces
 25846 | Orc:2    | Bought a potion of heal wounds for 60 gold pieces
 25846 | Orc:2    | Bought a potion of lignification for 36 gold pieces
 25846 | Orc:2    | Bought a potion of curing for 36 gold pieces
 25846 | Orc:2    | Bought a potion of heal wounds for 60 gold pieces
 25846 | Orc:2    | Bought a potion of attraction for 36 gold pieces
 25846 | Orc:2    | Bought a potion of resistance for 120 gold pieces
 25985 | Orc:2    | Bought a scroll of teleportation for 39 gold pieces
 25985 | Orc:2    | Bought a scroll of identify for 26 gold pieces
 25985 | Orc:2    | Bought a potion of haste for 130 gold pieces
 26096 | Orc:2    | Found a staircase to the Elven Halls.
 26502 | D:15     | Entered Level 15 of the Dungeon
 26810 | D:15     | HP: 10/214 [freezing wraith (5)]
 26810 | D:15     | Slain by a freezing wraith

Illustrated notes

Levels and vault maps discovered:
D:1:      lightli_arrival_isolated_outpost, layout_loops_corners,
          chequers_ecumenical_altar_lobes, minmay_tetromino_l4
D:2:      cheibrodos_pilgrimage, layout_loops_ring, uniq_sigmund
D:3:      layout_basic, nicolae_tso_carved_into_rock, uniq_jessica
D:4:      minmay_chambers_of_threes, layout_cave_pools, feat_on_display
D:5:      minmay_general_purpose_star, layout_basic, nicolae_gozag_seed_capital,
          serial_shops, nicolae_shop_trees, kennysheep_crisscross,
          hangedman_decor_growths, uniq_menkaure
D:6:      layout_basic, nicolae_sif_muna_condensation,
          mainiacjoe_overflow_small_starburst, temple_green, dk_noncrumbling_2,
          grunt_ministairs_2, uniq_grinder
D:7:      layout_gridville, kennysheep_small_square
D:8:      layout_loops_ring, chequers_temple_overflow_statue_of_worship,
          minivault_21, uniq_prince_ribbit1, uniq_maurice
D:9:      layout_roguey, lightli_fourway_metalbox, uniq_harold
D:10:     layout_cave_pools, vehumet_crystals,
          ploomutoo_gammafunk_ghost_potion_laboratory, hangedman_weighted_door
D:11:     layout_irregular_city, lair_entry_dummy, david_orc_5,
          gammafunk_ghost_spectres, cheibriados_altar_1, uniq_urug
D:12:     layout_loops_ring
D:13:     layout_loops_ring, david_vaults_4, uniq_nessos
D:14:     layout_long_grid, hangedman_decor_cross_pass, kennysheep_cross_room,
          uniq_frances, uniq_kirke
D:15:     hangedman_depths_entry_civil_slaughter, layout_basic,
          bh_walls_and_bars
Lair:1:   layout_big_grid, basic_altar, uniq_grum
Lair:2:   mu_elephants_graveyard, layout_regular_city, fungi_pond_lemuel,
          infiniplex_staircase_pool_2
Lair:3:   layout_loops_ring, nicolae_spider_entry_non_spiders,
          serial_bayou_lagoon_b
Lair:4:   layout_layer_cave, elwin_shoals_entry_rocks, grunt_megastairs_1
Lair:5:   dpeg_oklob_shooting_range, layout_layer_cave, slime_dummy
Lair:6:   hangedman_lair_tendril_chambers, layout_gridlike,
          guppyfry_lair_end_dragon, uniq_sonja
Orc:1:    layout_caves
Orc:2:    st_orc_town, layout_diamond_mine, serial_shops, nicolae_shop_crystal,
          uniq_jorgrun

Skill      XL: |  1  2  3  4  5  6  7  8  9 10 11 12 13 14 15 |
---------------+----------------------------------------------+-----
Dodging        | 3 4 5 6 7 9 10 11 12 13 14 | 14.4
Fighting       | 4 5 6 8 10 11 12 13 14 15 | 15.8
Long Blades    | 4 5 6 8 9 10 11 13 14 15 | 15.2
Stealth        | 1 2 3 4 5 |  5.9
Shields        | 1 2 5 7 9 |  9.2
Short Blades   | 1 |  1.0

Action                   |  1- 3 |  4- 6 |  7- 9 | 10-12 | 13-15 || total
-------------------------+-------+-------+-------+-------+-------++-------
Melee: Falchion          |    98 |   151 |   246 |   361 |       ||   856
       Tailslap          |    16 |    26 |    42 |   132 |   203 ||   419
       Double sword      |       |       |       |   221 |   327 ||   548
       Short sword       |       |       |       |     4 |       ||     4
       Long sword        |       |       |       |     4 |    26 ||    30
       Demon blade       |       |       |       |       |   586 ||   586
Invok: Berserk           |     3 |     7 |     6 |    18 |    25 ||    59
       Trog's Hand       |       |     1 |       |     1 |     7 ||     9
       Brothers in Arms  |       |       |       |     2 |     5 ||     7
Evoke: Wand              |       |       |       |       |     1 ||     1
  Use: Potion            |     1 |       |       |     1 |     1 ||     3
       Scroll            |       |       |       |    17 |    12 ||    29
 Stab: Sleeping          |     3 |     3 |     3 |     4 |    12 ||    25
       Distracted        |       |       |       |     1 |       ||     1
Armor: Skin              |    28 |    42 |    73 |   208 |   352 ||   703
Dodge: Dodged            |    78 |   124 |   158 |   439 |   513 ||  1312
Block: Buckler           |       |       |       |    75 |     7 ||    82
       Tower shield      |       |       |       |       |   885 ||   885
       Rpst.: Falchion   |    25 |    40 |    44 |    49 |       ||   158
       Double sword      |       |       |       |    42 |    53 ||    95
       Demon blade       |       |       |       |       |    65 ||    65
       Long sword        |       |       |       |       |     5 ||     5

Table legend: (Time is in decaauts)
 A = Elapsed time spent in this place.
 B = Non-inter-level travel time spent in this place.
 C = Inter-level travel time spent in this place.
 D = Time resting spent in this place.
 E = Time spent auto-exploring this place.
 F = Levels seen in this place.
 G = Mean time per level.
                   A        B        C        D        E       F      G
               +--------+--------+--------+--------+--------+-----+--------+
         Total |  27304 |  25893 |   1411 |   4097 |  17080 |  23 | 1187.1 |
       Dungeon |  15964 |  15036 |    928 |   2574 |   9898 |  15 | 1064.3 |
          Lair |   9478 |   9056 |    422 |   1290 |   6149 |   6 | 1579.7 |
  Orcish Mines |   1862 |   1802 |     60 |    233 |   1033 |   2 |  931.0 |
               +--------+--------+--------+--------+--------+-----+--------+

Top non-repeatable levels by time:
  Lair:6: 2457 daAuts
  Lair:5: 1842 daAuts
    D:14: 1823 daAuts
  Lair:4: 1770 daAuts
     D:8: 1512 daAuts
    D:11: 1484 daAuts
   Orc:2: 1433 daAuts
  Lair:2: 1406 daAuts
     D:9: 1381 daAuts
    D:10: 1334 daAuts
     D:1: 1311 daAuts
  Lair:3: 1214 daAuts
     D:5: 1199 daAuts
     D:7: 1062 daAuts
     D:2: 1002 daAuts
